 Dungeon Crawl Stone Soup version 0.30.1-11-g7821555f0a (webtiles) character file.

Game seed: 16331546676825415580

70 BearBoy19 the Chopper (level 4, -1/60 HPs)
             Began as a Hill Orc Fighter on Nov 5, 2023.
             Succumbed to a gnoll's poison
             ... on level 4 of the Dungeon.
             The game lasted 00:09:14 (1430 turns).

BearBoy19 the Chopper (Hill Orc Fighter)            Turns: 1430, Time: 00:09:14

Health: -1/60      AC: 22    Str: 20    XL:     4   Next: 22%
Magic:  4/4        EV:  2    Int: 20    God:
Gold:   155        SH:  4    Dex: 10    Spells: 3/3 levels left

rFire   . . .        a - +1 war axe
rCold   . . .        c - +0 buckler
rNeg    . . .        b - melded +0 scale mail
rPois   +            (helmet currently unavailable)
rElec   .            h - melded +0 cloak
rCorr   .            (gloves currently unavailable)
SInv    .            f - melded +0 pair of boots
Will    .....        (no amulet)
Stlth   +            k - +6 ring of intelligence
HPRegen 0.30/turn    l - +6 ring of intelligence
MPRegen 0.09/turn

%: no passive effects
@: mighty, brilliant, lethally poisoned (-1 -> -13), tree-form, weakened,
hasted, very quick
A: stationary, stasis, torment immunity, boosted hp
a: no special abilities


You were on level 4 of the Dungeon.
You were a tree.
You visited 1 branch of the dungeon, and saw 4 of its levels.

You collected 155 gold pieces.

Inventory:

Hand Weapons
 a - a +1 war axe (weapon)
 g - a +0 sling
 q - a +0 mace
Armour
 b - a +0 scale mail (melded)
 c - a +0 buckler (worn)
 f - a +0 pair of boots (melded)
 h - a +0 cloak (melded)
 n - a +0 robe
Jewellery
 k - a +6 ring of intelligence (left branch)
 l - a +6 ring of intelligence (right branch)
Scrolls
 o - a scroll of blinking


   Skills:
 + Level 4.2 Fighting
 + Level 4.3(4.4) Axes
 * Level 1.1(2.5) Polearms
 * Level 0.4 Ranged Weapons
 + Level 3.6 Armour
 + Level 3.4 Shields


You had 3 spell levels left.
You didn't know any spells.
Your spell library contained the following spells:

 Spells                   Type           Power      Damage    Failure   Level
 Poisonous Vapours        Pois/Air       0%         N/A       34%         2
 Mephitic Cloud           Conj/Pois/Air  0%         N/A       56%         3
 Freezing Cloud           Conj/Ice/Air   0%         6-21      100%        5


Dungeon Overview and Level Annotations

Branches:
Dungeon (4/15)
 Temple: D:4-7

Altars:

Shops:
D:1 *

Annotations:
D:2 1 runed translucent door, Crazy Yiuf


Message History

The gnoll hits you but does no damage. You block the gnoll's attack.
The gnoll hits you but does no damage.
The gnoll bouda hits you but does no damage.
The gnoll hits you but does no damage.
You closely miss the gnoll. You slash the gnoll! You hit the gnoll bouda.
You feel very sick. The gnoll hits you but does no damage.
The gnoll hits you with a +0 whip. The gnoll hits you but does no damage.
The gnoll bouda gazes fiercely through you!
You feel your attacks grow feeble.
The gnoll bouda hits you but does no damage.
The gnoll hits you from afar with a +2 halberd of venom!
The gnoll hits you with a +0 whip. The gnoll hits you but does no damage.
You barely miss the gnoll. You hit the gnoll.
You kill the gnoll!
You hit the gnoll bouda.
You feel sick.
The gnoll bouda hits you but does no damage.
The gnoll hits you but does no damage. x3; You block the gnoll bouda's attack.
The gnoll hits you from afar with a +2 halberd of venom!
* * * LOW HITPOINT WARNING * * *
It was a potion of brilliance.
You feel clever all of a sudden.
You feel sick.
The gnoll hits you but does no damage. x2
The gnoll bouda hits you with a +0 whip!
* * * LOW HITPOINT WARNING * * *
The gnoll hits you but does no damage.
You cannot move.
You cannot move.
You cannot move.
You hit the gnoll.
The gnoll is heavily wounded.
You hit the gnoll bouda.
* * * LOW HITPOINT WARNING * * *
You feel sick. The gnoll hits you but does no damage.
You block the gnoll's attack.
The gnoll bouda hits you but does no damage.
The gnoll hits you but does no damage.
You are more poisoned.
It was a potion of haste.
You feel yourself speed up.
You die...

. #####+#.
#......#
#...[..+
#......#
#......+
#......#
#....g♣# .
#....g.#####..
####..gg.....#
#.........#
#..<......#
#........##
#........#
#........#
#........#


You could see a gnoll bouda and 3 gnolls.

Vanquished Creatures
  A gnoll (D:4)
  2 adders (D:3)
  2 worms (D:3)
  A dart slug (D:2)
  A ball python (D:3)
  5 endoplasms
  3 hobgoblins
  4 jackals (D:1)
  A quokka (D:3)
  5 bats
  2 frilled lizards
  2 goblins (D:3)
  2 kobolds
  5 rats
36 creatures vanquished.

Notes
Turn   | Place    | Note
-------+----------+-------------------------------------------
     0 | D:1      | BearBoy19 the Hill Orc Fighter began the quest for the Orb.
     0 | D:1      | Reached XP level 1. HP: 19/19 MP: 1/1
   133 | D:1      | Reached XP level 2. HP: 27/27 MP: 2/2
   493 | D:1      | Found Yddy's Assorted Antiques.
   740 | D:2      | Found a runed translucent door.
   741 | D:2      | Noticed Crazy Yiuf
   874 | D:3      | Reached XP level 3. HP: 33/33 MP: 3/3
  1080 | D:3      | Reached skill level 1 in Polearms
  1080 | D:3      | Reached XP level 4. HP: 18/40 MP: 4/4
  1428 | D:4      | HP: 2/60 [gnoll bouda/+0 whip (7)]
  1430 | D:4      | Succumbed to a gnoll's poison

Illustrated notes

Levels and vault maps discovered:
D:1:      denvon_arrival_planthouse, layout_loops_corners, serial_shops, shop
D:2:      layout_rooms, uniq_robin, uniq_crazy_yiuf_cottage, uniq_jessica
D:3:      layout_rooms
D:4:      layout_basic, minmay_temple_entry_fiery, uniq_edmund

Skill      XL: |  1  2  3 |
---------------+----------+-----
Axes           | 3 4 |  4.3
Fighting       | 4 |  4.2
Polearms       | 1 |  1.1
Ranged Weapons | |  0.4
Armour         | |  3.6
Shields        | |  3.4

Action                     |  1- 3 |  4- 6 || total
---------------------------+-------+-------++-------
  Melee: War axe           |    78 |    11 ||    89
   Fire: Sling             |     1 |       ||     1
  Throw: Stone             |    12 |       ||    12
    Use: Potion            |     1 |     7 ||     8
         Scroll            |     1 |     1 ||     2
 Armour: Scale mail        |    44 |     3 ||    47
         Skin              |       |    23 ||    23
  Dodge: Dodged            |    40 |     6 ||    46
  Block: Buckler           |    18 |     6 ||    24
